 Dungeon Crawl Stone Soup version 0.30-a0-920-g7493c07aab (webtiles) character file.

Game seed: 8173191396822457254

494 cforsyth the Trooper (level 7, -2/54 (55) HPs)
             Began as a Human Fighter on Mar 21, 2023.
             Slain by an ogre
             ... wielding a +0 giant spiked club
              (23 damage)
             ... on level 4 of the Dungeon.
             The game lasted 00:06:41 (2859 turns).

cforsyth the Trooper (Human Fighter)                Turns: 2859, Time: 00:06:42

HP:   -2/54 (55)    AC:  9    Str: 24    XL:     7   Next: 38%
MP:   7/7           EV:  7    Int:  9    God:
Gold: 278           SH:  6    Dex: 12    Spells: 6/6 levels left

rFire   . . .      SeeInvis .    a - +0 flail (flame)
rCold   . . .      Faith    .    c - +1 buckler
rNeg    . . .      Spirit   .    h - +0 chain mail
rPois   .          Reflect  .    (no helmet)
rElec   .          Rampage  .    (no cloak)
rCorr   +                        (no gloves)
Will    .....                    (no boots) Stlth
                                 r - amulet of regeneration
HPRegen 1.09/turn                y - ring of resist corrosion
MPRegen 0.10/turn                u - +6 ring of strength

@: lightly drained
A: no striking features
a: no special abilities


You were on level 4 of the Dungeon.
You visited 1 branch of the dungeon, and saw 4 of its levels.
You also visited: Sewer.

You collected 278 gold pieces.

Inventory:

Hand Weapons
 a - a +0 flail of flaming (weapon)
Missiles
 t - a throwing net (quivered)
Armour
 b - a +0 scale mail
 c - a +1 buckler (worn)
 h - a +0 chain mail (worn)
Jewellery
 j - a ring of flight
 r - an amulet of regeneration (around neck)
 s - an amulet of magic regeneration
 u - a +6 ring of strength (right hand)
 y - a ring of resist corrosion (left hand)
Scrolls
 e - 2 scrolls of teleportation
 f - a scroll of blinking
 i - a scroll of identify
 p - a scroll of fear
Potions
 d - a potion of might
 g - a potion of invisibility
 k - 2 potions of curing
 l - a potion of heal wounds
 m - a potion of lignification
 n - a potion of ambrosia {unknown}
 o - 2 potions of mutation {unknown}
 v - a potion of haste {unknown}


   Skills:
 + Level 4.6 Fighting
 + Level 4.1 Maces & Flails
 + Level 4.6 Armour
 + Level 4.6 Shields


You had 6 spell levels left.
You didn't know any spells.
Your spell library contained the following spells:

 Spells                   Type           Power      Damage    Failure   Level
 Cigotuvi's Dreadful Rot  Necr/Pois/Air  0%         N/A       99%         2
 Poisonous Vapours        Pois/Air       0%         N/A       99%         2
 Mephitic Cloud           Conj/Pois/Air  0%         N/A       100%        3
 Summon Guardian Golem    Hex/Summ       0%         N/A       100%        3
 Orb of Destruction       Conj           0%         9d5       100%        7
 Spellforged Servitor     Conj/Summ      0%         N/A       100%        7


Dungeon Overview and Level Annotations

Branches:
Dungeon (4/15)              Sewer (visited)
 Temple: D:4-7

Altars:
Fedhas


Message History

You kill the orc!
The orc hits you with a +0 dagger. The orc hits you but does no damage.
You hit the orc. You burn the orc.
The orc is moderately wounded.
You block the orc's attack. The orc hits you but does no damage.
You hit the orc but do no damage.
The orc is moderately wounded.
You block the orc's attack. The orc barely misses you.
You hit the orc but do no damage.
The orc is moderately wounded.
The orc misses you. The orc hits you but does no damage.
You block the orc's attack. x2
You sock the orc! You burn the orc.
You kill the orc!
You block the orc's attack.
You hit the orc. You burn the orc.
The orc is severely wounded.
The orc closely misses you.
You sock the orc! You burn the orc.
You kill the orc!
An ogre comes into view. It is wielding a +0 giant spiked club.
The ogre shouts!
You hit the ogre but do no damage.
The ogre hits you with a +0 giant spiked club!
You hit the ogre. You burn the ogre.
The ogre is moderately wounded.
The ogre hits you with a +0 giant spiked club.
You barely miss the ogre.
The ogre is moderately wounded.
The ogre hits you with a +0 giant spiked club!!
You are too injured to fight recklessly!
You are too injured to fight recklessly!
You are too injured to fight recklessly!
You are too injured to fight recklessly!
You are too injured to fight recklessly!
You are too injured to fight recklessly!
You sock the ogre! You burn the ogre.
The ogre is severely wounded.
The ogre hits you with a +0 giant spiked club!!
You die...

## ##..# #...
.####...### ##...# ..
..........## ##...)#...
.#....##...####....##...
##..######........##....
#### ##.............
#.............
#...).....$...
##....@O......
#.)).........
#...........#
##..........#
#..........#
#....)##.... #......
#... ##...... ...


You could see an ogre.

Vanquished Creatures
  A phantom (D:4)
  2 bullfrogs (Sewer)
  A scorpion (D:4)
  A wight (D:3)
  2 river rats (D:4)
  6 adders
  5 dart slugs
  4 orcs (D:4)
  10 ball pythons
  12 endoplasms
  6 giant cockroaches
  11 goblins
  3 hobgoblins
  6 kobolds
  14 quokkas
  7 bats
  13 frilled lizards
  4 rats
108 creatures vanquished.

Notes
Turn   | Place    | Note
-------+----------+-------------------------------------------
     0 | D:1      | cforsyth the Human Fighter began the quest for the Orb.
     0 | D:1      | Reached XP level 1. HP: 18/18 MP: 1/1
     3 | D:1      | Noticed an electric eel
     4 | D:1      | Noticed an electric eel
   107 | D:1      | Reached XP level 2. HP: 24/24 MP: 2/2
   285 | D:1      | Reached XP level 3. HP: 29/29 MP: 3/3
   811 | D:2      | Reached XP level 4. HP: 7/35 MP: 4/4
  1024 | D:2      | Found a blossoming altar of Fedhas.
  1362 | D:3      | Found a faded altar of an unknown god.
  1772 | D:4      | Reached XP level 5. HP: 42/42 MP: 5/5
  1815 | D:4      | Noticed a phantom
  1829 | D:4      | Killed a phantom
  1910 | D:4      | Reached XP level 6. HP: 45/48 MP: 6/6
  1917 | D:4      | Found a glowing drain.
  1937 | Sewer    | Entered a sewer
  2193 | Sewer    | Reached XP level 7. HP: 46/55 MP: 7/7
  2859 | D:4      | Slain by an ogre

Illustrated notes

Levels and vault maps discovered:
D:1:      arrival_aquarium_b, layout_basic
D:2:      layout_loops_ring, basic_altar, dk_vineyard_3
D:3:      kennysheep_six_static_rooms, layout_rooms,
          ebering_ecumenical_altar_webs
D:4:      layout_layer_cave, gup_sewer_entry_bubbles

Skill      XL: |  1  2  3  4  5  6  7 |
---------------+----------------------+-----
Maces & Flails | 3 4 |  4.1
Armour         | 4 |  4.6
Fighting       | 4 |  4.6
Shields        | 4 |  4.6

Action                     |  1- 3 |  4- 6 |  7- 9 || total
---------------------------+-------+-------+-------++-------
  Melee: Flail             |   104 |   218 |    39 ||   361
    Use: Scroll            |       |    11 |       ||    11
 Armour: Scale mail        |    62 |    95 |       ||   157
         Chain mail        |       |       |    20 ||    20
  Dodge: Dodged            |    54 |    98 |    10 ||   162
  Block: Buckler           |    29 |    80 |    15 ||   124

Table legend: (Time is in decaauts)
 A = Elapsed time spent in this place.
 B = Non-inter-level travel time spent in this place.
 C = Inter-level travel time spent in this place.
 D = Time resting spent in this place.
 E = Time spent auto-exploring this place.
 F = Levels seen in this place.
 G = Mean time per level.
                   A        B        C        D        E       F      G
               +--------+--------+--------+--------+--------+-----+--------+
         Total |   3050 |   2965 |     85 |    224 |   1777 |   5 |  610.0 |
       Dungeon |   2664 |   2579 |     85 |    224 |   1642 |   4 |  666.0 |
         Sewer |    386 |    386 |      0 |      0 |    134 |   1 |  386.0 |
               +--------+--------+--------+--------+--------+-----+--------+

Top non-repeatable levels by time:
     D:2: 786 daAuts
     D:3: 663 daAuts
     D:1: 616 daAuts
     D:4: 598 daAuts
   Sewer: 386 daAuts
